cohdb
Replays
Latest Replays
All Replays
Popular Replays
Top Player Replays
Match Explorer
How It Works
Community
CoH3 Stats
Reddit
Sign in to upload your games and track your stats! →
Sign in with Steam
Match 41130593
Unlisted
Match 41130593
Overview
Messages
Build Orders
End
Construct Barracks
Riflemen Squad
Riflemen Squad
1⁄4-ton 4x4 Truck
M1 Mortar Team
Riflemen Squad
Riflemen Squad
Construct Medical Station
Mechanized Support Center
Construct Motor Pool
M3 75 mm Gun Motor Carriage
M1918 Browning Automatic Rifles
Grenade Package
Selects Heavy Weapons
Selects Assault Carriers
Selects M2HB .50cal Heavy Machine Gun
Selects Exchangeable Parts
M3 75 mm Gun Motor Carriage
Riflemen Squad
Improvised Armor
M8 Greyhound Armored Car
Engineer Squad
M3 75 mm Gun Motor Carriage
mikec_81
la
0
0
Comments
sign in to comment!
No comments posted yet!